Map: [ESL] Cosmic Sapphire

Players

DRG - Winner!

  • Race: Zerg Zerg
  • Spawn Location: 5:00

ShoWTimE

  • Race: Protoss Protoss
  • Spawn Location: 11:00

Event: DreamHack SC2 Masters 2022 Valencia

VOD

Have the link to the VOD?

Description

Time

  • Played on: July 1, 2022, 1:28 p.m.
  • Length: 10:27

All games in this series

Show
View Real Time Build Order
Export as new Build Order

DRG Zerg - Winner!

Build Orders: Hatch First 

Get SALT Encoding   

  12  0:00  Drone  
  13  0:12  Overlord  
  13  0:17  Drone  
  14  0:30  Drone x2  
  14  0:34  Drone  
  17  0:51  Hatchery  
  17  0:54  Drone  
  17  0:57  Drone  
  17  1:02  Extractor  
  17  1:12  Spawning Pool  
  17  1:16  Drone  
  17  1:20  Drone  
  18  1:28  Drone  
  19  1:38  Drone  
  20  1:49  Drone  
  21  1:59  Overlord  
  21  2:02  Queen  
  21  2:03  Queen  
  21  2:04  Metabolic Boost  
  25  2:08  Zergling x2  
  25  2:13  Zergling x2  
  27  2:16  Drone  
  27  2:21  Drone  
  29  2:25  Drone  
  30  2:32  Drone  
  30  2:36  Drone  
  32  2:39  Hatchery  
  31  2:45  Queen  
  31  2:50  Overlord  
  33  2:53  Drone  
  33  2:55  Drone  
  35  2:59  Overlord  
  35  3:07  Queen  
  35  3:10  Drone x2  
  35  3:12  Drone  
  40  3:16  Drone x2  
  40  3:19  Drone  
  43  3:21  Drone  
  43  3:24  Queen  
  46  3:29  Overlord  
  46  3:31  Drone  
  47  3:39  Drone  
  47  3:42  Spore Crawler  
  47  3:43  Drone  
  47  3:45  Drone x3  
  47  3:48  Queen  
  52  3:53  Drone  
  52  3:54  Queen  
  55  3:59  Evolution Chamber  
  54  4:04  Drone x4  
  54  4:06  Zergling x4  
  54  4:08  Zergling x2  
  61  4:13  Zergling x4  
  61  4:15  Overlord  
  63  4:17  Spore Crawler  
  63  4:21  Drone x3  
  65  4:28  Overlord, Zerg Melee Weapons Level 1  
  65  4:33  Drone x5  
  65  4:37  Drone x3  
  73  4:44  Drone x3  
  73  4:48  Drone  
  74  4:54  Drone x2  
  74  4:55  Drone  
  74  4:56  Drone, Hatchery  
  74  4:59  Drone  
  78  5:08  Drone x4  
  78  5:10  Extractor, Lair  
  78  5:13  Extractor  
  78  5:14  Extractor, Drone x2  
  78  5:17  Drone x4  
  82  5:24  Roach Warren  
  82  5:26  Drone  
  82  5:30  Overlord  
  82  5:34  Overlord  
  81  5:36  Drone  
  81  5:38  Overlord  
  81  5:40  Drone  
  79  5:44  Drone x2  
  79  5:45  Drone  
  79  5:48  Overlord  
  83  5:50  Drone x6  
  83  5:56  Overlord  
  88  5:59  Spore Crawler  
  88  6:00  Zergling x6  
  89  6:05  Zergling x10  
  89  6:06  Evolution Chamber  
  89  6:07  Overlord  
  93  6:12  Zergling x4  
  93  6:15  Queen  
  93  6:16  Drone x4  
  99  6:22  Zerg Melee Weapons Level 2  
  99  6:23  Drone x4  
  99  6:24  Drone x2  
  104  6:32  Drone  
  104  6:33  Drone  
  104  6:35  Drone  
  104  6:37  Spore Crawler, Hatchery  
  104  6:38  Zergling x2  
  104  6:39  Zergling x6  
  108  6:41  Glial Reconstitution  
  108  6:42  Zerg Ground Armor Level 1  
  108  6:46  Baneling Nest  
  107  6:47  Zergling x6  
  107  6:52  Zergling x12  
  114  6:56  Drone x4  
  118  7:02  Overlord  
  118  7:07  Zergling x10  
  122  7:10  Overlord  
  122  7:14  Roach x6  
  132  7:18  Zergling x2  
  132  7:21  Roach x5  
  141  7:36  Zergling x12  
  141  7:40  Centrifugal Hooks  
  141  7:43  Infestation Pit  
  152  7:44  Roach x7  
  152  7:46  Zergling x2  
  152  7:50  Zergling x4  
  152  7:51  Zergling x2  
  150  7:57  Zergling x2  
  146  8:00  Zergling x16  
  146  8:03  Zergling x4  
  146  8:05  Overlord  
  156  8:07  Zergling x2  
  156  8:09  Overlord x3  
  156  8:11  Overlord x2  
  156  8:14  Zergling x2  
  156  8:15  Zergling x2  
  158  8:20  Overlord x2  
  158  8:21  Overlord x4  
  158  8:23  Drone x3  
  158  8:24  Hive  
  158  8:26  Zergling x2  
  162  8:31  Zergling x10  
  162  8:33  Zergling x2  
  167  8:36  Baneling x6  
  167  8:37  Zergling x14  
  174  8:43  Zergling x10  
  174  8:45  Zergling x8  
  174  8:47  Baneling x4  
  174  8:48  Baneling x6  
  183  8:50  Zergling x6  
  183  8:55  Zergling x2  
  187  8:58  Zergling x10  
  190  9:05  Zergling x16  
  190  9:09  Zergling x10  
  196  9:13  Zergling x8  
  179  9:17  Zergling x6  
  179  9:18  Baneling x3  
  181  9:25  Zergling x14  
  181  9:28  Zergling x2  
  185  9:32  Zergling x8  
  185  9:36  Baneling  
  185  9:37  Baneling x4  
  185  9:38  Zergling x18  
  185  9:45  Zergling x12  
  185  9:48  Zergling x2  
  185  9:50  Zergling x2  
  184  9:56  Zergling x12  
  183  10:01  Zergling x8  
  183  10:02  Baneling x9  
  183  10:04  Zergling x8  
  185  10:07  Zergling x8  
Show
View Real Time Build Order
Export as new Build Order

ShoWTimE Protoss 

Build Orders: 1 Gate Expand, Oracle Opening 

Get SALT Encoding   

  12  0:00  Probe  
  13  0:12  Probe  
  14  0:17  Pylon  
  14  0:24  Probe (Chrono Boost)  
  15  0:36  Probe (Chrono Boost)  
  15  0:38  Gateway  
  16  0:44  Probe (Chrono Boost)  
  16  0:46  Assimilator  
  17  0:51  Probe  
  18  1:03  Probe  
  19  1:15  Probe  
  20  1:23  Nexus  
  20  1:33  Cybernetics Core  
  20  1:35  Probe  
  21  1:41  Assimilator  
  21  1:47  Probe  
  21  1:49  Pylon  
  22  1:59  Probe  
  23  2:06  Adept (Chrono Boost)  
  23  2:11  Probe  
  26  2:18  Stargate  
  26  2:23  Probe (Chrono Boost)  
  26  2:29  Adept  
  29  2:32  Warp Gate  
  29  2:34  Probe (Chrono Boost)  
  29  2:36  Probe (Chrono Boost)  
  33  2:45  Probe x2 (Chrono Boost)  
  33  2:50  Probe x2 (Chrono Boost)  
  35  3:00  Oracle (Chrono Boost)  
  35  3:01  Probe x2  
  40  3:09  Stalker  
  42  3:13  Probe  
  42  3:14  Pylon, Probe  
  44  3:25  Probe  
  44  3:26  Probe  
  46  3:37  Oracle (Chrono Boost)  
  46  3:39  Probe x2  
  50  3:47  Pylon  
  50  3:51  Nexus  
  50  3:53  Pylon, Probe x2  
  52  4:01  Assimilator  
  52  4:04  Assimilator  
  52  4:05  Probe, Oracle (Chrono Boost)  
  52  4:06  Probe  
  57  4:13  Forge  
  57  4:17  Probe  
  59  4:24  Probe  
  59  4:25  Twilight Council  
  59  4:29  Probe  
  59  4:30  Gateway  
  60  4:36  Probe  
  61  4:41  Probe  
  61  4:43  Protoss Ground Weapons Level 1 (Chrono Boost)  
  62  4:48  Probe  
  62  4:49  Gateway x2  
  63  4:52  Sentry  
  63  4:55  Probe (Chrono Boost)  
  66  5:00  Probe (Chrono Boost)  
  66  5:03  Probe (Chrono Boost)  
  66  5:04  Blink (Chrono Boost)  
  69  5:11  Probe x2 (Chrono Boost)  
  69  5:12  Probe (Chrono Boost)  
  71  5:16  Probe (Chrono Boost)  
  71  5:17  Probe (Chrono Boost)  
  71  5:18  Pylon, Probe, Sentry  
  76  5:26  Probe  
  76  5:28  Gateway  
  77  5:29  Probe, Gateway  
  77  5:30  Probe  
  79  5:39  Probe  
  79  5:41  Probe  
  81  5:44  Probe  
  81  5:47  Gateway  
  82  5:50  Gateway  
  82  5:51  Pylon  
  82  5:54  Stalker x4, Forge  
  90  6:01  Photon Cannon  
  90  6:04  Pylon  
  87  6:13  Probe  
  87  6:24  Nexus  
  87  6:28  Stalker x5, Pylon  
  87  6:30  Probe  
  87  6:31  Probe  
  99  6:32  Oracle (Chrono Boost)  
  99  6:34  Protoss Ground Armor Level 1 (Chrono Boost)  
  99  6:36  Phoenix (Chrono Boost)  
  99  6:40  Stalker  
  99  6:45  Probe x3  
  99  6:46  Charge (Chrono Boost)  
  104  6:47  Gateway  
  104  6:52  Shield Battery  
  104  6:57  Gateway  
  104  6:59  Gateway  
  104  7:00  Oracle (Chrono Boost)  
  104  7:01  Probe x2, Gateway  
  109  7:09  Protoss Ground Weapons Level 2 (Chrono Boost)  
  109  7:10  Photon Cannon  
  109  7:16  Stalker x3  
  109  7:20  Probe x2  
  117  7:32  Probe  
  114  7:38  Stalker x5  
  118  7:57  Stalker x5  
  124  8:00  Probe x2  
  124  8:04  Photon Cannon  
  126  8:06  Shield Battery  
  126  8:11  Zealot x3  
  132  8:18  Gateway  
  132  8:21  Photon Cannon  
  132  8:25  Pylon  
  132  8:32  Pylon x2  
  132  8:43  Probe x3  
  132  8:44  Stalker x3, Probe  
  140  8:48  Pylon  
  140  8:50  Pylon  
  140  8:52  Pylon  
  140  8:53  Zealot x7  
  140  8:54  Zealot  
  156  8:58  Gateway  
  152  9:09  Stalker  
  140  9:10  Stalker  
  140  9:12  Probe  
  140  9:13  Probe x2  
  140  9:15  Probe  
  127  9:17  Zealot  
  127  9:18  Zealot x7  
  127  9:22  Zealot  
  145  9:24  Probe  
  145  9:25  Probe  
  145  9:27  Probe x2  
  149  9:36  Probe  
  149  9:37  Probe  
  149  9:38  Pylon  
  151  9:41  Pylon  
  123  9:54  Nexus  
  123  9:55  Stalker x7  
  135  10:00  Stalker x2  
  123  10:15  Pylon  
  123  10:17  Stalker x2  
  123  10:18  Stalker x4  
  123  10:20  Zealot  

Tags
 
Add a new tag
Caveats
  • Supply blocks, unpowered buildings, or Contaminate may cause inaccurate times.
  • Supply counts are checked every 10 seconds.